 Dungeon Crawl Stone Soup version 0.23.2-33-g5129a83184 (webtiles) character file.

Game seed: 16018293360868887161

221 esteth the Chiller (level 5, -11/50 HPs)
             Began as an Ogre Ice Elementalist on June 15, 2019.
             Was an Initiate of Ashenzari.
             Mangled by a gnoll
             ... wielding a +0 halberd
              (12 damage)
             ... on level 3 of the Dungeon on June 28, 2019.
             The game lasted 00:08:37 (5031 turns).

esteth the Chiller (Ogre Ice Elementalist)          Turns: 5031, Time: 00:08:38

Health: -11/50     AC:  3    Str: 12    XL:     5   Next: 98%
Magic:  11/11      EV: 10    Int: 17    God:    Ashenzari [......]
Gold:   124        SH:  0    Dex:  9    Spells: 8/12 levels left

rFire    . . .     SeeInvis +   e - +0 club
rCold    . . .     Gourm    .   (no shield)
rNeg     . . .     Faith    .   a - +0 robe
rPois    .         Spirit   .   (helmet restricted)
rElec    .         Reflect  .   (no cloak)
rCorr    .         Harm     .   (gloves unavailable)
MR       .....                  (boots unavailable)
Stlth    +.........             (no amulet)
HPRegen  0.56/turn              h - ring of see invisible (curse)
MPRegen  0.12/turn              (no ring)

@: no status effects
A: large, unfitting armour, see invisible, regeneration 1, tough skin 1
a: Curse Item, Renounce Religion


You were on level 3 of the Dungeon.
You worshipped Ashenzari.
Ashenzari was noncommittal.
You were not hungry.

You visited 1 branch of the dungeon, and saw 3 of its levels.

You collected 124 gold pieces.

Inventory:

Hand Weapons
 e - a +0 club (weapon)
Armour
 a - a +0 robe (worn)
Jewellery
 h - a cursed ring of see invisible (left hand)
Scrolls
 i - a scroll of magic mapping {unknown}
Comestibles
 c - 4 rations
 d - 6 chunks of flesh


   Skills:
 + Level 2.7 Fighting
 - Level 1.7 Dodging
 - Level 1.4 Stealth
 - Level 4.0 Spellcasting
   Level 0.8 Conjurations
 - Level 1.6 Charms
 + Level 4.3 Ice Magic


You had 8 spell levels left.
You knew the following spells:

 Your Spells              Type           Power        Failure   Level  Hunger
a - Freeze                Ice            ###.         2%          1    None
b - Ozocubu's Armour      Chrm/Ice       ##......     14%         3    ###....

Your spell library contained the following spells:

 Spells                   Type           Power        Failure   Level  Hunger
 Throw Frost              Conj/Ice       ##....       9%          2    ##.....
 Throw Icicle             Conj/Ice       ##......     47%         4    ####...
 Summon Ice Beast         Ice/Summ       ##......     54%         4    ####...


Dungeon Overview and Level Annotations

Branches:
Dungeon (3/15)

Altars:
Ashenzari
Kikubaaqudgha


Innate Abilities, Weirdness & Mutations

You are too large for most types of armour.
You have tough skin. (AC +1)
You have supernaturally acute eyesight. (SInv)
Your natural rate of healing is unusually fast.


Message History

The gnoll hits you from afar with a +0 spear!
The gnoll barely misses you.
The gnoll hits you from afar with a +0 halberd!
* * * LOW HITPOINT WARNING * * *
The gnoll hits you but does no damage.
The gnoll hits you from afar with a +0 spear!
* * * LOW HITPOINT WARNING * * *
You are too injured to fight recklessly!
You are too injured to fight recklessly!
You are too injured to fight recklessly!
You are too injured to fight recklessly!
You are too injured to fight recklessly!
You are too injured to fight recklessly!
You are too injured to fight recklessly!
As you read the scroll labeled EXICKO DAOWN, it crumbles to dust.
You hear the sound of one hand clapping.
It was a scroll of random uselessness.
The gnoll hits you.
* * * LOW HITPOINT WARNING * * *
The gnoll hits you from afar with a +0 halberd!
You die...

.... #..##
#####...# #.....#.#
###.##....####
..._.........# # #
.....#...###.# .#.
.#. ##.## #รท# #.#
#@# #.# #.#
#.g.###.###.#######
#ggg........<...)..
.(..o.#.###.#######
.......#.# #.# #.
##.###.#..# #.# #.
#. .###.# #.# #. #.
## .## #.# #. # #.#
#.


You could see 4 gnolls and an orc.

Vanquished Creatures
  A gnoll shaman (D:3)
  8 gnolls
  5 oozes
  A worm (D:3)
  A dart slug (D:2)
  5 leopard geckos
  An orc (D:3)
  4 giant cockroaches
  8 goblins
  14 hobgoblins
  2 jackals (D:1)
  5 kobolds
  A quokka (D:2)
  A ball python (D:2)
  11 bats
  13 frilled lizards
  A leopard gecko zombie (D:2)
  3 rats
85 creatures vanquished.

Notes
Turn   | Place    | Note
-------+----------+-------------------------------------------
     0 | D:1      | esteth the Ogre Ice Elementalist began the quest for the
                  | Orb.
     0 | D:1      | Reached XP level 1. HP: 16/16 MP: 3/3
   232 | D:1      | Reached XP level 2. HP: 18/24 MP: 3/5
   768 | D:1      | Reached XP level 3. HP: 14/31 MP: 7/7
   942 | D:1      | Learned a level 3 spell: Ozocubu's Armour
  2304 | D:2      | Upgraded the game from 0.23.2-30-g0e89c35649 to
                  | 0.23.2-33-g5129a83184
  2336 | D:1      | Reached skill level 1 in Charms
  2336 | D:1      | Reached XP level 4. HP: 15/39 MP: 3/9
  2838 | D:2      | Found a shattered altar of Ashenzari.
  2854 | D:2      | Became a worshipper of Ashenzari the Shackled
  3757 | D:2      | Reached XP level 5. HP: 42/45 MP: 11/11
  4525 | D:3      | Reached skill level 1 in Fighting
  4711 | D:3      | Gained mutation: Your muscles are strong. (Str +2) [potion
                  | of mutation]
  4711 | D:3      | Gained mutation: You have supernaturally acute eyesight.
                  | (SInv) [potion of mutation]
  4711 | D:3      | Lost mutation: Your muscles are strong. (Str +2) [potion of
                  | mutation]
  4711 | D:3      | Gained mutation: Your natural rate of healing is unusually
                  | fast. [potion of mutation]
  5017 | D:3      | Found an ancient bone altar of Kikubaaqudgha.
  5030 | D:3      | HP: 1/50 [gnoll/+0 spear (7)]
  5031 | D:3      | Mangled by a gnoll

Skill      XL: |  1  2  3  4  5 |
---------------+----------------+-----
Ice Magic      | 3 4 |  4.3
Spellcasting   | 3 4 |  4.0
Charms         | 1 |  1.6
Fighting       | 2 |  2.7
Dodging        | |  1.7
Stealth        | |  1.4
Conjurations   | |  0.8

Action                   |  1- 3 |  4- 6 || total
-------------------------+-------+-------++-------
Melee: Unarmed           |     7 |       ||     7
       Club              |   123 |   238 ||   361
 Cast: Freeze            |    19 |    32 ||    51
       Ozocubu's Armour  |     1 |     5 ||     6
Invok: Curse Item        |       |     1 ||     1
  Use: Scroll            |     1 |     2 ||     3
       Potion            |       |     5 ||     5
 Stab: Sleeping          |     1 |     3 ||     4
  Eat: Chunk             |     4 |    10 ||    14
Armor: Robe              |    45 |    89 ||   134
       Skin              |       |    16 ||    16
Dodge: Dodged            |    82 |   188 ||   270
